AoeStats
← tom

Arabia

508049286Analyzed
1v1 RM · 12d ago on Sep 20, 2026· 39m 35s· 2 players
Game mode
Random Map
Map size
Tiny (2 player)
Population
200
Speed
Normal
Resources
Standard
Victory
Conquest
Starting age
Dark Age
Ending age
Imperial Age
RankedLock teamsTeams togetherTeam positionsShared explorationLock speedFull tech treeHidden civsTurbo modeCheats
Victory
Defeat
🇱🇻 Japanese · Latvia
720
+18
🇹🇷 Armenians · Türkiye
762
-18
tom
6:37 Loom
9:44 Feudal Age
9:45 Man-at-Arms
11:42 Double-Bit Axe
12:16 Arson
17:11 Scale Mail Armor
21:05 Castle Age
21:47 Forging
22:37 Bow Saw
24:38 Wheelbarrow
25:07 Gold Mining
25:08 Stone Mining
25:35 Long Swordsman
26:57 Scale Barding Armor
28:24 Husbandry
30:53 Squires
31:37 Iron Casting
31:23 Chain Barding Armor
32:39 Hand Cart
32:57 Chain Mail Armor
34:44 Bloodlines
Dovahkiin
10:47 Feudal Age
14:33 Loom
16:51 Castle Age
15:53 Man-at-Arms
19:23 Long Swordsman
20:48 Double-Bit Axe
21:36 Crossbowman
29:50 Devotion
30:36 Wheelbarrow
29:37 Pikeman
31:46 Atonement
32:44 Ballistics
32:34 Squires
33:12 Bow Saw
32:56 Horse Collar
34:07 Halberdier
35:36 Gambesons
35:37 Arson
Connection lost

Rejoining the realm…

Still unreachable

The connection could not be restored.

Session expired

The server has moved on; the page needs a fresh start.